 Dungeon Crawl Stone Soup version 0.29-a0-993-g4a18f31a58 (webtiles) character file.

Game seed: 13959155178707040094

112186 jfcaron the Spear-Bearer (level 16, 0/143 HPs)
             Began as a Gnoll Chaos Knight on Aug 1, 2022.
             Was a Plaything of Xom.
             Slain by a tyrant leech (10 damage)
             ... on level 1 of the Swamp on Aug 3, 2022.
             The game lasted 01:43:45 (26626 turns).

jfcaron the Spear-Bearer (Gnoll Chaos Knight)      Turns: 26626, Time: 01:43:47

Health: 0/143      AC: 22    Str: 16 (17) XL:     16   Next: 59%
Magic:  31/31      EV:  8    Int:  9 (10) God:    Xom [.....*]
Gold:   996        SH: 12    Dex: 16 (20) Spells: 37/37 levels left

rFire   . . .      SeeInvis +   b - +3 broad axe (vorpal)
rCold   + . .      Faith    .   C - +0 kite shield
rNeg    . . .      Spirit   .   V - +4 crystal plate armour {rC+}
rPois   .          Reflect  .   O - +0 helmet {SInv}
rElec   .          Harm     .   E - +0 cloak
rCorr   +          Rampage  .   M - +0 pair of gloves
Will    ++...                   (no boots)
Stlth   ..........              k - amulet of regeneration
HPRegen 1.13/turn               a - +4 ring of evasion
MPRegen 0.22/turn               e - ring of resist corrosion

@: lethally poisoned (0 -> -12), corroded, studying Ranged Weapons, very slow
A: fangs 1, strong nose, distributed training, claws 1, agile 2, deterioration
2, strong-willed 1, robust 1, no potion heal 1
a: Renounce Religion


You were on level 1 of the Swamp.
You worshipped Xom.
You were Xom's teddy bear.
You visited 4 branches of the dungeon, and saw 23 of its levels.
You also visited: Bailey and Ice Cave.

You collected 2453 gold pieces.
You spent 1457 gold pieces at shops.

Inventory:

Hand Weapons
 b - a +3 vorpal broad axe (weapon)
 w - the +11 short sword "Mitej" {vorpal, rPois rF+++ Str+5 Dex-3}
   (You found it on level 9 of the Dungeon)

   It inflicts extra damage upon your enemies.
   Str:       It affects your strength (+5).
   Dex:       It affects your dexterity (-3).
   rF:        It renders you almost immune to fire.
   rPois:     It protects you from poison.
Missiles
 f - 13 boomerangs
 u - 2 boomerangs of dispersal {!f}
 G - 21 poisoned darts
 L - 3 stones (quivered)
 N - 5 silver boomerangs
 R - 13 javelins {!f}
 S - 3 throwing nets {!f}
Armour
 C - a +0 kite shield (worn)
 E - a +0 cloak (worn)
 M - a +0 pair of gloves (worn)
 O - a +0 helmet of see invisible (worn)
 V - a +4 crystal plate armour of cold resistance (worn)
Magical Staves
 c - a staff of air
Jewellery
 a - a +4 ring of evasion (left hand)
 e - a ring of resist corrosion (right hand)
 k - an amulet of regeneration (around neck)
 o - a ring of poison resistance
 B - a ring of protection from fire
 F - a +4 ring of protection
 Y - a ring of protection from cold
Wands
 m - a wand of iceblast (13)
 q - a wand of digging (10)
 A - a wand of flame (32)
Scrolls
 d - 3 scrolls of noise
 t - 4 scrolls of poison
 y - a scroll of amnesia
 z - 4 scrolls of identify
 H - 2 scrolls of fear
 I - 12 scrolls of teleportation
 J - a scroll of silence
 P - 2 scrolls of magic mapping
 Q - 4 scrolls of enchant weapon
 T - 5 scrolls of blinking
 W - 2 scrolls of vulnerability
 Z - a scroll of summoning
Potions
 g - 3 potions of cancellation
 h - 2 potions of lignification
 i - 8 potions of curing
 l - 5 potions of might
 n - 7 potions of haste
 p - a potion of brilliance
 r - a potion of flight
 s - 2 potions of magic
 x - 4 potions of attraction
 D - a potion of ambrosia
 K - 5 potions of mutation
 U - 3 potions of resistance
 X - 3 potions of heal wounds
Miscellaneous
 j - a box of beasts (inert)
 v - a tin of tremorstones (inert)


   Skills:
 + Level 13.0 Fighting
 + Level 11.4 Short Blades
 + Level 11.4 Long Blades
 + Level 11.4 Axes
 + Level 11.4 Maces & Flails
 + Level 13.0 Polearms
 + Level 11.4 Staves
 + Level 12.4 Ranged Weapons
 + Level 11.4 Throwing
 + Level 12.2 Armour
 + Level 11.7 Dodging
 + Level 11.4 Stealth
 + Level 11.4 Shields
 + Level 11.4 Unarmed Combat
 + Level 11.4 Spellcasting
 + Level 9.6 Conjurations
 + Level 9.6 Hexes
 + Level 9.6 Summonings
 + Level 9.6 Necromancy
 + Level 9.6 Translocations
 + Level 9.6 Transmutations
 + Level 9.6 Fire Magic
 + Level 9.6 Ice Magic
 + Level 9.6 Air Magic
 + Level 9.6 Earth Magic
 + Level 9.6 Poison Magic
 + Level 12.4 Invocations
 + Level 11.4 Evocations


You had 37 spell levels left.
You didn't know any spells.
Your spell library contained the following spells:

 Spells                   Type           Power      Damage    Failure   Level
 Freeze                   Ice            88%        1d10      67%         1
 Magic Dart               Conj           88%        1d7       67%         1
 Summon Small Mammal      Summ           88%        N/A       67%         1
 Call Imp                 Summ           22%        N/A       82%         2
 Ensorcelled Hibernation  Hex/Ice        44%        N/A       82%         2
 Static Discharge         Conj/Air       22%        3-6/arc   82%         2
 Sublimation of Blood     Necr           22%        N/A       82%         2
 Wereblood                Tmut           22%        N/A       82%         2
 Call Canine Familiar     Summ           22%        N/A       96%         3
 Dazzling Flash           Conj/Hex       44%        N/A       96%         3
 Frozen Ramparts          Ice            44%        1d12      96%         3
 Inner Flame              Hex/Fire       22%        N/A       96%         3
 Mephitic Cloud           Conj/Pois/Air  22%        N/A       96%         3
 Summon Guardian Golem    Hex/Summ       22%        N/A       96%         3
 Dispel Undead            Necr           22%        3d12      100%        4
 Fulminant Prism          Conj/Hex       11%        3d9       100%        4
 Hailstorm                Conj/Ice       22%        3d7       100%        4
 Iskenderun's Mystic Bla  Conj/Tloc      22%        2d6       100%        4
 Petrify                  Tmut/Erth      22%        N/A       100%        4
 Sticky Flame             Conj/Fire      22%        2d4       100%        4
 Summon Ice Beast         Ice/Summ       22%        N/A       100%        4
 Irradiate                Conj/Tmut      11%        3d15      100%        5
 Lee's Rapid Deconstruct  Erth           11%        3d9*      100%        5
 Summon Mana Viper        Hex/Summ       22%        N/A       100%        5
 Simulacrum               Ice/Necr       11%        N/A       100%        6
 Starburst                Conj/Fire      11%        6d5       100%        6
 Ozocubu's Refrigeration  Ice            11%        4d9       100%        7
 Summon Hydra             Summ           11%        N/A       100%        7
 Fire Storm               Conj/Fire      11%        8d3       100%        9
 Polar Vortex             Ice            11%        N/A       100%        9


Dungeon Overview and Level Annotations

Branches:
Dungeon (15/15)            Temple (0/1) D:6            Lair (5/5) D:10
  Swamp (1/4) Lair:2       Spider (0/4) Lair:3        Slime (0/5) Lair:5
    Orc (2/2) D:12            Elf (0/3) Orc:2        Vaults (0/5) D:13
 Depths (0/4) D:15         Bailey (visited)           IceCv (visited)

Altars:
Cheibriados
Nemelex Xobeh
Wu Jian
Xom
Yredelemnul
Jiyva

Shops:
D:8 :=   D:13 !   D:14 (   Orc:1 *?   Orc:2 *([(


Innate Abilities, Weirdness & Mutations

You have very sharp teeth.
Your uncanny sense of smell can sniff out nearby items.
Your experience applies equally to all skills.
You have sharp fingernails.
You are very agile. (Dex +8, Str/Int -2)
Your body often deteriorates upon taking damage.
You are strong-willed. (Will+)
You are robust. (+10% HP)
Potions are less effective at restoring your health.


Message History

The tyrant leech bites you but does no damage.
The tyrant leech bites you!
* * * LOW HITPOINT WARNING * * *
The tyrant leech draws strength from your injuries! "Suffer!"
You feel clumsy.
You are now Xom's teddy bear.
The fenstrider witch hits you but does no damage.
The fenstrider witch kicks you.
* * * LOW HITPOINT WARNING * * *
The fenstrider witch hits you!
* * * LOW HITPOINT WARNING * * *
The fenstrider witch kicks you but does no damage.
The tyrant leech bites you!
* * * LOW HITPOINT WARNING * * *
The tyrant leech draws strength from your injuries!
The fenstrider witch gestures at you while chanting.
Your body is wracked with pain!
* * * LOW HITPOINT WARNING * * *
You can move again.
Unknown command.
Unknown command.
Your system partially rejects the healing.
You feel much better.
The tyrant leech bites you but does no damage.
The fenstrider witch gestures at you while chanting.
You resist with significant effort.
Your system partially rejects the healing.
You feel much better.
The fenstrider witch casts a spell at you.
The toxic sludge hits you!
You are poisoned.
* * * LOW HITPOINT WARNING * * *
Your body deteriorates!
You feel weakened.
Splash!
You fall into the toxic bog.
Moving in this stuff is going to be slow.
The tyrant leech bites you!
You die...
Xom snickers!

....~.♣♣ .....~♣♣
♣.~~~~.♣♣ ♣♣.~~~§~~♣
♣.~..~~~~♣ ♣.~.....♣
♣...§w..♣ ♣♣♣♣♣~@♣♣♣
♣♣~.~~○H.~♣ .~
♣♣..~~§~...♣ .~
♣...~~~~~.♣♣
~~♣♣♣♣♣♣♣...~~~~~..♣
~~.♣♣~♣♣..~.~~~~~..♣
~~..§..~♣†♣~.~~~...♣
~~.~♣~..♣.~~~......♣
~~~..~~..~~~.~♣.~~.♣


You could see a fenstrider witch and a tyrant leech.

Vanquished Creatures
  Kirke (D:14)
  A frost giant (D:15)
  2 orc warlords
  An emperor scorpion (D:13)
  3 dire elephants (Lair:5)
  Harold (D:9)
  Erolcha (D:9)
  5 vault guards
  An anaconda (D:15)
  4 two-headed ogres
  14 hydras
  4 boulder beetles
  2 ironbound frosthearts (IceCv)
  4 centaur warriors
  An alligator (Swamp:1)
  5 tengu warriors
  19 death yaks
  Urug (Lair:5)
  2 orc high priests
  A goliath frog (Swamp:1)
  5 skeletal warriors (D:11)
  A spectral anaconda (Lair:5)
  An obsidian statue (Lair:5)
  2 bog bodies (Lair:2)
  A swamp dragon (shapeshifter) (Lair:3)
  Pikel (D:6)
  4 necromancers (Lair:5)
  2 cyclopes (D:13)
  12 ugly things
  A will-o-the-wisp (Lair:4)
  3 orc sorcerers
  Maurice (D:12)
  5 manticores
  Joseph (D:8)
  An ice statue (IceCv)
  11 elephants (Lair:5)
  A dire elephant zombie (Lair:5)
  4 black mambas
  A gargoyle (D:12)
  14 cane toads
  Maggie (D:9)
  2 kobold demonologists (D:11)
  A rime drake (Lair:1)
  A freezing wraith (D:15)
  An unseen horror (D:13)
  A yaktaur (shapeshifter) (D:14)
  An efreet (D:14)
  A tengu conjurer (D:15)
  4 komodo dragons
  A queen bee (shapeshifter) (Lair:4)
  8 trolls
  10 polar bears
  A meliai (Lair:3)
  10 slime creatures
  5 hornets
  A tyrant leech (Lair:2)
  Prince Ribbit (Bailey)
  11 blink frogs
  A spectral elephant (Lair:5)
  7 dream sheep (Lair:3)
  A jumping spider (D:9)
  5 shadows
  A spriggan (Swamp:1)
  7 wraiths
  33 yaks
  12 humans
  3 wyverns
  2 hogs (D:14)
  6 basilisks
  9 vampire mosquitoes
  3 wargs
  3 swamp worms
  2 two-headed ogre zombies (D:12)
  4 acid dragons
  21 water moccasins
  2 floating eyes (shapeshifter)
  42 orc warriors
  2 ice beasts (D:6)
  A sky beast (D:7)
  A black bear (Lair:1)
  An elephant zombie (Lair:5)
  5 ogres
  27 wolves
  9 centaurs
  2 phantoms
  4 kobold brigands
  3 scorpions
  18 bullfrogs
  28 wights
  12 killer bees
  An electric eel (Lair:2)
  3 howler monkeys
  20 orc priests
  Crazy Yiuf (D:6)
  A gnoll bouda (D:5)
  2 hounds (D:5)
  An iron imp (D:6)
  3 iguanas (D:5)
  Ijyb (D:5)
  25 orc wizards
  6 ogre zombies (D:12)
  6 adders
  16 gnolls
  A white imp (D:6)
  2 ufetubi (D:5)
  A dart slug (D:3)
  4 worms
  89 orcs
  5 endoplasms
  3 giant cockroaches
  15 goblins
  7 hobgoblins
  15 kobolds
  A quokka (D:2)
  6 ball pythons
  8 bats
  4 frilled lizards
  4 goblin skeletons (D:12)
  A hobgoblin skeleton (D:12)
  2 hobgoblin zombies (D:12)
  4 orc skeletons (D:12)
  13 orc zombies (D:12)
  9 rats
  A bush (Lair:4)
  27 fungi
  46 plants
  4 toadstools (Swamp:1)
  24 withered plants (Lair:5)
865 creatures vanquished.

Notes
Turn   | Place    | Note
-------+----------+-------------------------------------------
     0 | D:1      | jfcaron the Gnoll Chaos Knight began the quest for the Orb.
     0 | D:1      | Reached XP level 1. HP: 23/23 MP: 1/1
   126 | D:1      | XOM: silly message
   166 | D:1      | Reached XP level 2. HP: 28/29 MP: 2/2
   200 | D:1      | XOM: silly message
   240 | D:1      | Found a faded altar of an unknown god.
   831 | D:1      | XOM: enchant monster (bad)
   882 | D:1      | XOM: summons 2 hostile demons
   900 | D:1      | You fall into a shaft and drop 1 floor!
   978 | D:2      | Reached XP level 3. HP: 35/35 MP: 3/3
  1157 | D:2      | Reached skill level 1 in Invocations
  1160 | D:2      | Reached skill level 1 in Short Blades
  1160 | D:2      | Reached skill level 1 in Long Blades
  1160 | D:2      | Reached skill level 1 in Axes
  1160 | D:2      | Reached skill level 1 in Maces & Flails
  1160 | D:2      | Reached skill level 1 in Staves
  1160 | D:2      | Reached skill level 1 in Ranged Weapons
  1160 | D:2      | Reached skill level 1 in Throwing
  1160 | D:2      | Reached skill level 1 in Stealth
  1160 | D:2      | Reached skill level 1 in Shields
  1160 | D:2      | Reached skill level 1 in Unarmed Combat
  1160 | D:2      | Reached skill level 1 in Spellcasting
  1160 | D:2      | Reached skill level 1 in Evocations
  1166 | D:2      | Reached XP level 4. HP: 41/41 MP: 5/5
  1609 | D:2      | Reached skill level 1 in Conjurations
  1609 | D:2      | Reached skill level 1 in Hexes
  1609 | D:2      | Reached skill level 1 in Summonings
  1609 | D:2      | Reached skill level 1 in Necromancy
  1609 | D:2      | Reached skill level 1 in Translocations
  1609 | D:2      | Reached skill level 1 in Transmutations
  1609 | D:2      | Reached skill level 1 in Fire Magic
  1609 | D:2      | Reached skill level 1 in Ice Magic
  1609 | D:2      | Reached skill level 1 in Air Magic
  1609 | D:2      | Reached skill level 1 in Earth Magic
  1609 | D:2      | Reached skill level 1 in Poison Magic
  1950 | D:3      | XOM: give mutation
  1950 | D:3      | Gained mutation: Potions are less effective at restoring
                  | your health. [Xom's mischief]
  2230 | D:3      | Reached XP level 5. HP: 46/47 MP: 7/7
  2583 | D:4      | XOM: give mutation
  2583 | D:4      | Gained mutation: You are agile. (Dex +4, Str/Int -1) [Xom's
                  | grace]
  2678 | D:4      | XOM is BORED!
  2678 | D:4      | XOM: summons 3 hostile demons
  2744 | D:4      | XOM: give mutation
  2744 | D:4      | Gained mutation: Your body sometimes deteriorates upon
                  | taking damage. [Xom's mischief]
  2931 | D:4      | Noticed an ogre
  2935 | D:4      | XOM: confusion
  2953 | D:4      | XOM: cast spell 'Chain of Chaos'
  2960 | D:4      | Killed an ogre
  2961 | D:4      | Reached skill level 5 in Armour
  2961 | D:4      | Reached XP level 6. HP: 49/53 MP: 8/8
  3067 | D:4      | XOM: noise
  3584 | D:5      | Entered Level 5 of the Dungeon
  3816 | D:5      | Noticed Ijyb
  3837 | D:5      | Killed Ijyb
  3977 | D:5      | Reached XP level 7. HP: 53/60 MP: 10/10
  4201 | D:5      | XOM: polymorph gnoll -> kobold
  4359 | D:5      | XOM: confuse monster(s)
  4583 | D:5      | XOM: scenery: 1 doors open
  4859 | D:5      | Reached XP level 8. HP: 40/67 MP: 8/12
  5118 | D:5      | XOM: summons 4 hostile demons
  5119 | D:5      | Noticed a rust devil
  5417 | D:6      | XOM: cast spell 'Chain of Chaos'
  5493 | D:6      | Found a staircase to the Ecumenical Temple.
  5493 | D:6      | Found a runed translucent door.
  5493 | D:6      | Noticed Crazy Yiuf
  5493 | D:6      | XOM: 5-stop teleportation journey
  5494 | D:6      | Killed Crazy Yiuf
  5659 | D:6      | XOM: polymorph ufetubus -> iron imp
  5766 | D:6      | XOM: give mutation
  5766 | D:6      | Gained mutation: You have sharp fingernails. [Xom's grace]
  5974 | D:6      | Reached XP level 9. HP: 68/73 MP: 13/15
  5987 | D:6      | XOM: god gift: scroll labelled CETWUIGYTI {god gift}
  6179 | D:6      | Noticed Pikel
  6184 | D:6      | Killed Pikel
  6185 | D:6      | Reached skill level 5 in Dodging
  6262 | D:6      | XOM: god gift: +2 ring mail of fire resistance
  6368 | D:6      | Found an ornate altar of the Wu Jian Council.
  6375 | D:6      | Found a sparkling altar of Nemelex Xobeh.
  6426 | D:6      | XOM: god gift: scroll labelled SIPAPS KOBYCOU {god gift}
  6584 | D:7      | XOM: 2-stop teleportation journey
  6631 | D:7      | Found a flagged portal.
  6649 | D:7      | XOM: 2-stop teleportation journey
  6671 | Bailey   | Entered a bailey
  6683 | Bailey   | XOM: destruction
  6692 | Bailey   | Reached skill level 5 in Invocations
  6696 | Bailey   | XOM: divine lightning
  6832 | Bailey   | XOM: summons 5 friendly demons
  6852 | Bailey   | Noticed Prince Ribbit
  6852 | Bailey   | Noticed a vault guard
  6855 | Bailey   | Killed Prince Ribbit
  6856 | Bailey   | Reached skill level 5 in Short Blades
  6856 | Bailey   | Reached skill level 5 in Long Blades
  6856 | Bailey   | Reached skill level 5 in Axes
  6856 | Bailey   | Reached skill level 5 in Maces & Flails
  6856 | Bailey   | Reached skill level 5 in Staves
  6856 | Bailey   | Reached skill level 5 in Ranged Weapons
  6856 | Bailey   | Reached skill level 5 in Throwing
  6856 | Bailey   | Reached skill level 5 in Stealth
  6856 | Bailey   | Reached skill level 5 in Shields
  6856 | Bailey   | Reached skill level 5 in Unarmed Combat
  6856 | Bailey   | Reached skill level 5 in Spellcasting
  6856 | Bailey   | Reached skill level 5 in Evocations
  6866 | Bailey   | Killed a vault guard
  6867 | Bailey   | Reached XP level 10. HP: 51/82 MP: 17/17
  6933 | Bailey   | XOM: god gift: red potion {god gift}
  7009 | Bailey   | Noticed a vault guard
  7010 | Bailey   | XOM: summons 3 friendly demons
  7018 | Bailey   | Killed a vault guard
  7171 | D:7      | XOM: divination: detect items
  7191 | D:7      | XOM: 3-stop teleportation journey
  7362 | D:7      | XOM: potion effect (heal wounds)
  8164 | D:8      | Found Wobilumy's Jewellery Boutique.
  8194 | D:8      | Noticed Joseph
  8198 | D:8      | Killed Joseph
  8227 | D:8      | Reached skill level 5 in Conjurations
  8227 | D:8      | Reached skill level 5 in Hexes
  8227 | D:8      | Reached skill level 5 in Summonings
  8227 | D:8      | Reached skill level 5 in Necromancy
  8227 | D:8      | Reached skill level 5 in Translocations
  8227 | D:8      | Reached skill level 5 in Transmutations
  8227 | D:8      | Reached skill level 5 in Fire Magic
  8227 | D:8      | Reached skill level 5 in Ice Magic
  8227 | D:8      | Reached skill level 5 in Air Magic
  8227 | D:8      | Reached skill level 5 in Earth Magic
  8227 | D:8      | Reached skill level 5 in Poison Magic
  8229 | D:8      | XOM: divination: detect items
  8233 | D:8      | Reached XP level 11. HP: 78/89 MP: 20/20
  8670 | D:8      | XOM: scenery: summon butterflies
  8777 | D:8      | Found Yfrixt's Tremendous Tomes.
  8926 | D:9      | XOM: stat loss: -1 Str (14/15)
  8949 | D:9      | Noticed Harold
  8981 | D:9      | HP: 14/89 [Harold/+0 war axe (12)]
  8992 | D:9      | Killed Harold
  9021 | D:9      | XOM: polymorph juvenile stingweird beast -> mana viper
  9189 | D:9      | XOM: cloud trail
  9267 | D:9      | Identified the +11 short sword "Mitej" {vorpal, rPois rF+++
                  | Str+5 Dex-3}
  9359 | D:8      | Bought a +4 ring of protection for 540 gold pieces
  9496 | D:9      | XOM: silly message
  9514 | D:9      | XOM: polymorph troll -> jumping spider
  9729 | D:9      | Noticed Maggie
  9746 | D:9      | Killed Maggie
  9847 | D:9      | XOM: silly message
  9938 | D:9      | XOM: silly message
 10080 | D:9      | Noticed Erolcha
 10084 | D:9      | XOM: potion effect (haste)
 10089 | D:9      | Killed Erolcha
 10297 | D:10     | Entered Level 10 of the Dungeon
 10297 | D:10     | Noticed a two-headed ogre
 10311 | D:9      | XOM: divination: detect creatures
 10352 | D:10     | Killed a two-headed ogre
 10762 | D:10     | HP: 16/89 [orc warrior/+0 long sword (11)]
 10768 | D:10     | XOM: silly message
 11014 | D:10     | XOM: divination: detect items
 11081 | D:10     | Found a staircase to the Lair.
 11165 | D:10     | XOM: silly message
 11274 | D:10     | XOM: silly message
 11313 | D:10     | Found a snail-covered altar of Cheibriados.
 11325 | D:10     | Found a basalt altar of Yredelemnul.
 11525 | D:10     | XOM: cloud trail
 11544 | D:10     | XOM: god gift: ring mail {god gift}
 11642 | D:10     | XOM: divination: magic mapping
 12056 | D:11     | Noticed a green ugly thing
 12069 | D:11     | XOM: fog
 12070 | D:11     | Killed a green ugly thing
 12266 | D:11     | Noticed a skeletal warrior
 12267 | D:11     | Noticed a skeletal warrior
 12267 | D:11     | Noticed a skeletal warrior
 12269 | D:11     | Noticed a skeletal warrior
 12272 | D:11     | XOM: 4-stop teleportation journey
 12319 | Lair:1   | XOM: stealth player
 12319 | Lair:1   | Entered Level 1 of the Lair of Beasts
 12325 | Lair:1   | XOM: enchant monster (good)
 12341 | Lair:1   | Reached XP level 12. HP: 97/97 MP: 22/22
 12359 | Lair:1   | Got Sif Muna's Book of Productive Frostbite
 12376 | Lair:1   | Found a frozen archway.
 12376 | Lair:1   | XOM: 8-stop teleportation journey
 12481 | Lair:1   | XOM: enchant monster (good)
 12506 | IceCv    | Entered an ice cave
 12542 | IceCv    | XOM: give mutations
 12542 | IceCv    | Gained mutation: You are strong-willed. (Will+) [Xom's
                  | grace]
 12542 | IceCv    | Gained mutation: You are covered in fur. (AC +1) [Xom's
                  | grace]
 12545 | IceCv    | XOM: enchant monster (good)
 12690 | IceCv    | XOM: divination: detect creatures
 12711 | IceCv    | Reached skill level 10 in Fighting
 12711 | IceCv    | Reached skill level 10 in Polearms
 12744 | IceCv    | Noticed a death yak
 12769 | IceCv    | Killed a death yak
 12840 | IceCv    | XOM: confuse monster(s)
 12921 | IceCv    | XOM: scenery: summon butterflies
 12993 | IceCv    | XOM: summons 4 friendly demons
 13077 | IceCv    | XOM: polymorph wolf -> howler monkey
 13246 | IceCv    | XOM: confuse monster(s)
 13318 | IceCv    | Noticed an ironbound frostheart
 13318 | IceCv    | Noticed a death yak
 13318 | IceCv    | Noticed a death yak
 13318 | IceCv    | Noticed a death yak
 13318 | IceCv    | Noticed an ironbound frostheart
 13323 | IceCv    | XOM: polymorph yak -> basilisk
 13326 | IceCv    | Killed an ironbound frostheart
 13326 | IceCv    | Killed a death yak
 13326 | IceCv    | Killed an ironbound frostheart
 13326 | IceCv    | Killed a death yak
 13327 | IceCv    | Reached XP level 13. HP: 38/104 MP: 23/25
 13397 | IceCv    | Identified the +4 short sword of the Equator {freeze, rF+
                  | rN+ Str-3}
 13400 | IceCv    | Got the Writings on Firn
 13675 | IceCv    | XOM: god gift: scroll of immolation
 13867 | IceCv    | XOM: cloud trail
 13975 | Lair:1   | XOM: divination: detect creatures
 14047 | Lair:1   | XOM: cloud trail
 14386 | Lair:1   | XOM: divination: magic mapping
 14752 | Lair:2   | XOM: confuse monster(s)
 14758 | Lair:2   | XOM: noise
 14765 | Lair:2   | XOM: confuse monster(s)
 14871 | Lair:2   | XOM: potion effect (brilliance)
 14872 | Lair:2   | XOM: noise
 14897 | Lair:2   | Found a staircase to the Swamp.
 14978 | Lair:2   | XOM: divination: detect items
 14990 | Lair:2   | XOM: confuse monster(s)
 15058 | Lair:2   | XOM: divination: detect creatures
 15622 | Lair:2   | XOM: noise
 15733 | Lair:3   | Found a hole to the Spider Nest.
 15812 | Lair:3   | XOM: potion effect (heal wounds)
 15830 | Lair:3   | XOM: cast spell 'Olgreb's Toxic Radiance'
 15902 | Lair:3   | XOM: enchant monster (good)
 15927 | Lair:3   | XOM: polymorph yak -> glowing shapeshifter
 15931 | Lair:3   | XOM: noise
 15935 | Lair:3   | XOM: enchant monster (good)
 16063 | Lair:3   | Reached skill level 10 in Armour
 16084 | Lair:3   | XOM: cast spell 'Statue Form'
 16156 | Lair:3   | XOM: divination: detect items
 16180 | Lair:3   | XOM: potion effect (brilliance)
 16181 | Lair:3   | XOM: enchant monster (good)
 16207 | Lair:2   | XOM: noise
 16306 | Lair:2   | XOM: cast spell 'Cause Fear'
 16310 | Lair:2   | XOM: noise
 16315 | Lair:2   | XOM: cast spell 'Cause Fear'
 16324 | Lair:2   | XOM: scenery: 2 fountains blood, 1 doors open
 16328 | Lair:2   | XOM: fake destruction
 16329 | Lair:2   | XOM: confuse monster(s)
 16367 | Lair:2   | XOM: god gift: potion of curing
 16428 | Lair:3   | XOM: enchant monster (good)
 16474 | Lair:3   | XOM: god gift: scroll of teleportation
 16607 | Lair:3   | XOM: summons 2 friendly demons
 16620 | Lair:3   | Reached skill level 10 in Invocations
 16620 | Lair:3   | Reached XP level 14. HP: 113/113 MP: 27/27
 16981 | Lair:3   | XOM: cast spell 'Metabolic Englaciation'
 16985 | Lair:3   | XOM: divine lightning
 17072 | Lair:4   | XOM: summons 8 hostile demons
 17411 | Lair:4   | XOM is BORED!
 17411 | Lair:4   | XOM: chaos cloud
 17450 | Lair:4   | XOM: summons 8 hostile demons
 17453 | Lair:4   | XOM: silly message
 17454 | Lair:4   | XOM: enchant monster (bad)
 17455 | Lair:4   | XOM: cleaving
 17467 | Lair:4   | XOM: potion effect (curing)
 17481 | Lair:3   | XOM: divination: detect creatures
 17659 | Lair:4   | XOM: cloud trail
 17931 | Lair:5   | Entered Level 5 of the Lair of Beasts
 17945 | Lair:5   | XOM: silly message
 17978 | Lair:5   | XOM: confusion (+ monsters)
 18026 | Lair:4   | XOM: silly message
 18027 | Lair:4   | XOM: summons friendly iron imp
 18035 | Lair:4   | XOM: fake destruction
 18088 | Lair:5   | Reached skill level 10 in Dodging
 18310 | Lair:5   | XOM: potion effect (curing)
 18312 | Lair:5   | XOM: divination: magic mapping
 18327 | Lair:4   | XOM: cast spell 'Alistair's Intoxication'
 18336 | Lair:4   | XOM: noise
 18428 | Lair:4   | XOM: fog
 18429 | Lair:4   | XOM: cast spell 'Dispersal'
 18466 | Lair:4   | XOM: confuse monster(s)
 18486 | Lair:5   | XOM: chaos cloud
 18487 | Lair:5   | XOM: divination: magic mapping
 18489 | Lair:4   | XOM: summons friendly crimson imp
 18670 | Lair:5   | XOM: summons friendly quasit
 18674 | Lair:5   | XOM: enchant monster (good)
 18879 | Lair:5   | Noticed a dire elephant
 18879 | Lair:5   | Noticed a dire elephant
 18879 | Lair:5   | Noticed a dire elephant
 18907 | Lair:5   | XOM: cloud trail
 18943 | Lair:5   | XOM: fog
 18951 | Lair:5   | XOM: scenery: create altars
 18952 | Lair:5   | XOM: summons friendly ufetubus
 18955 | Lair:5   | XOM: enchant monster (good)
 18967 | Lair:5   | XOM: scenery: 1 doors open
 19057 | Lair:5   | Noticed Urug
 19062 | Lair:5   | Killed Urug
 19064 | Lair:5   | Found a viscous altar of Jiyva.
 19065 | Lair:5   | Found a staircase to the Slime Pits.
 19224 | Lair:5   | XOM: give mutations
 19224 | Lair:5   | Lost mutation: Your body sometimes deteriorates upon taking
                  | damage. [Xom's mischief]
 19224 | Lair:5   | Gained mutation: Your body sometimes deteriorates upon
                  | taking damage. [Xom's mischief]
 19472 | Lair:5   | XOM: silly message
 19506 | Lair:5   | XOM: swap monsters
 19523 | Lair:5   | XOM: blink monster(s)
 19536 | Lair:5   | Reached skill level 10 in Short Blades
 19536 | Lair:5   | Reached skill level 10 in Long Blades
 19536 | Lair:5   | Reached skill level 10 in Axes
 19536 | Lair:5   | Reached skill level 10 in Maces & Flails
 19536 | Lair:5   | Reached skill level 10 in Staves
 19536 | Lair:5   | Reached skill level 10 in Ranged Weapons
 19536 | Lair:5   | Reached skill level 10 in Throwing
 19536 | Lair:5   | Reached skill level 10 in Stealth
 19536 | Lair:5   | Reached skill level 10 in Shields
 19536 | Lair:5   | Reached skill level 10 in Unarmed Combat
 19536 | Lair:5   | Reached skill level 10 in Spellcasting
 19536 | Lair:5   | Reached skill level 10 in Evocations
 19537 | Lair:5   | XOM: potion effect (magic)
 19557 | Lair:5   | XOM: destruction
 19637 | Lair:5   | XOM: silly message
 19678 | Lair:5   | Got Uplips's Volume of Incandescence
 19717 | Lair:5   | Reached XP level 15. HP: 120/120 MP: 29/29
 19738 | Lair:5   | XOM: enchant monster (good)
 19824 | Lair:5   | XOM: fake destruction
 19844 | Lair:5   | XOM: god gift: scroll of enchant armour
 20074 | D:12     | XOM: god gift: 9 gold pieces
 20146 | D:12     | Identified the +1 leather armour of Jyvvui {rF+ Will+
                  | Stlth+}
 20164 | D:12     | XOM: scenery: 1 doors open
 20185 | D:12     | XOM: cast spell 'Disjunction'
 20227 | D:12     | XOM: cloud trail
 20339 | D:12     | XOM: summons friendly sun demon
 20375 | D:12     | Found a staircase to the Orcish Mines.
 20377 | D:12     | Noticed Maurice
 20386 | D:12     | Killed Maurice
 20482 | D:12     | XOM: cleaving
 20786 | D:12     | XOM: divination: detect items
 20858 | Orc:1    | XOM: stealth player
 20858 | Orc:1    | Entered Level 1 of the Orcish Mines
 20858 | Orc:1    | Found Keptuena's General Store.
 20865 | Orc:1    | Noticed an orc warlord
 20866 | Orc:1    | XOM: potion effect (haste)
 20871 | Orc:1    | XOM: silly message
 20875 | Orc:1    | XOM: potion effect (berserk rage)
 20892 | Orc:1    | XOM: potion effect (brilliance)
 20893 | Orc:1    | XOM: potion effect (might)
 20908 | Orc:1    | XOM: potion effect (brilliance)
 20911 | Orc:1    | HP: 22/121 [orc warrior/+0 trident[an orc warlord] (19)]
 20913 | Orc:1    | Killed an orc warlord
 21125 | Orc:1    | XOM: divination: magic mapping
 21157 | Orc:2    | Entered Level 2 of the Orcish Mines
 21226 | Orc:1    | Found Xoogogge's Magic Scroll Emporium.
 21299 | Orc:1    | Bought a scroll of identify for 28 gold pieces
 21483 | Orc:2    | XOM: silly message
 21499 | Orc:2    | Found a staircase to the Elven Halls.
 21638 | Orc:2    | Found Culiask's Weapon Boutique.
 21641 | Orc:2    | XOM: potion effect (berserk rage)
 21651 | Orc:2    | XOM: potion effect (curing)
 22055 | Orc:2    | Found Zulill's General Store.
 22418 | Orc:2    | XOM: potion effect (curing)
 22418 | Orc:2    | Noticed an orc warlord
 22430 | Orc:2    | Killed an orc warlord
 22452 | Orc:2    | Found Vugrud's Antique Armour Emporium.
 22456 | Orc:2    | Found Ludoro Neja's Antique Weapon Shoppe.
 22592 | Orc:2    | Bought a tin of tremorstones (2/2) for 440 gold pieces
 22648 | Orc:2    | Bought 5 stones for 7 gold pieces
 22648 | Orc:2    | Bought a stone for 1 gold piece
 22648 | Orc:2    | Bought 4 stones for 6 gold pieces
 22689 | Orc:1    | Bought 5 stones for 6 gold pieces
 22689 | Orc:1    | Bought a scroll of summoning for 123 gold pieces
 22726 | Orc:2    | Bought 2 javelins for 17 gold pieces
 22726 | Orc:2    | Bought 7 stones for 7 gold pieces
 22726 | Orc:2    | Bought a scroll of poison for 44 gold pieces
 22726 | Orc:2    | Bought a potion of curing for 33 gold pieces
 22771 | Orc:1    | Bought a scroll of teleportation for 42 gold pieces
 22771 | Orc:1    | Bought a scroll of poison for 56 gold pieces
 22771 | Orc:1    | Bought a scroll of teleportation for 42 gold pieces
 22843 | D:12     | XOM: silly message
 22856 | D:13     | XOM: potion effect (invisibility)
 22950 | D:13     | Found Qiah's Distillery.
 22983 | D:13     | XOM: cast spell 'Cause Fear'
 22992 | D:12     | XOM: fog
 22993 | D:12     | XOM: summons 5 friendly demons
 23001 | D:12     | XOM: blink monster(s)
 23284 | D:13     | XOM: swap monsters
 23317 | D:13     | XOM: give mutation
 23317 | D:13     | Gained mutation: Your body often deteriorates upon taking
                  | damage. [Xom's mischief]
 23320 | D:13     | Noticed an emperor scorpion
 23320 | D:13     | a vault guard changed into an emperor scorpion
 23320 | D:13     | XOM: polymorph vault guard -> emperor scorpion
 23334 | D:13     | Killed an emperor scorpion
 23358 | D:13     | XOM: swap monsters
 23361 | D:13     | XOM: enchant monster (bad)
 23362 | D:13     | XOM: swap monsters
 23422 | D:13     | XOM: give mutation
 23422 | D:13     | Gained mutation: You are very agile. (Dex +8, Str/Int -2)
                  | [Xom's grace]
 23506 | D:13     | XOM: blink monster(s)
 23518 | D:13     | Reached XP level 16. HP: 118/129 MP: 30/30
 23526 | D:13     | XOM: 1-stop teleportation journey
 23752 | D:13     | Bought a potion of heal wounds for 65 gold pieces
 23788 | D:13     | Found a gate to the Vaults.
 23895 | D:13     | XOM: stat loss: -1 Str (16/17)
 23994 | D:14     | XOM: 2-stop teleportation journey
 23995 | D:14     | XOM: summons 4 hostile demons
 24002 | D:14     | XOM: scenery: summon butterflies
 24034 | D:14     | XOM: chaos cloud
 24044 | D:14     | XOM: noise
 24048 | D:14     | Paralysed by you for 3 turns
 24054 | D:14     | XOM: confuse monster(s)
 24186 | D:14     | XOM: chaos cloud
 24270 | D:14     | XOM: give mutations
 24270 | D:14     | Gained mutation: You are robust. (+10% HP) [Xom's mischief]
 24270 | D:14     | Lost mutation: You are covered in fur. (AC +1) [Xom's
                  | mischief]
 24463 | D:14     | Noticed Kirke
 24472 | D:14     | Killed Kirke
 24609 | D:14     | Found Fais's Antique Weapon Shoppe.
 24694 | D:15     | Entered Level 15 of the Dungeon
 24741 | D:15     | XOM: blink monster(s)
 24830 | D:15     | XOM: destruction
 25057 | D:15     | XOM: scenery: summon butterflies
 25317 | D:15     | XOM: scenery: 1 doors open
 25324 | D:15     | XOM: polymorph tengu warrior -> anaconda
 25404 | D:15     | Found a staircase to the Depths.
 25537 | D:15     | Upgraded the game from 0.29-a0-982-gaed3a0c8d8 to
                  | 0.29-a0-993-g4a18f31a58
 25648 | D:11     | Noticed Josephine
 25654 | D:11     | Josephine changed into Josephine the glowing shapeshifter
 25654 | D:11     | XOM: polymorph Josephine -> Josephine the glowing
                  | shapeshifter
 25765 | D:11     | HP: 22/143 [skeletal warrior/+0 trident (15)]
 26134 | D:11     | XOM: stat loss: -1 Int (9/10)
 26475 | Swamp:1  | Entered Level 1 of the Swamp
 26512 | Swamp:1  | XOM: repel stairs
 26513 | Swamp:1  | XOM: swap monsters
 26605 | Swamp:1  | XOM: smoke on damage
 26617 | Swamp:1  | Noticed a fenstrider witch
 26620 | Swamp:1  | Paralysed by a fenstrider witch for 5 turns
 26623 | Swamp:1  | XOM: stat loss: -1 Dex (16/20)
 26624 | Swamp:1  | HP: 14/143 [fenstrider witch (16)]
 26624 | Swamp:1  | HP: 6/143 [tyrant leech (8)]
 26626 | Swamp:1  | Slain by a tyrant leech

Illustrated notes

Levels and vault maps discovered:
D:1:      dpeg_arrival_court, layout_loops_ring,
          hellmonk_ecumenical_altar_zigzags
D:2:      layout_loops_corners
D:3:      layout_rooms, minmay_misc_feat_plants, kennysheep_generic_room_5
D:4:      layout_loops_ring
D:5:      layout_basic, nrook_mini_backslash, uniq_ijyb
D:6:      layout_rooms, mainiacjoe_overflow_big_doors,
          minmay_temple_entry_trees, uniq_pikel, uniq_crazy_yiuf_cottage
D:7:      layout_basic, enter_bailey_5, minmay_checkerbox
D:8:      layout_rooms, serial_shops, shop, nicolae_shop_i_like_big_books,
          uniq_joseph
D:9:      layout_loops_ring, uniq_harold, uniq_erolcha, uniq_maggie
D:10:     layout_loops_ring, amethyst_overflow_temple_binary, lair_entry_dummy,
          minmay_misc_feat_doors, st_stairs_1
D:11:     layout_grid_maze, uniq_josephine
D:12:     layout_roguey, zombieorc2_lemuel, uniq_maurice
D:13:     layout_gridville, ximxim_vaults_locker_room, serial_shops,
          nicolae_shop_window_shopping
D:14:     layout_rooms, minmay_misc_feat_tiny, serial_shops,
          nicolae_square_shop, uniq_kirke
D:15:     grunt_enter_depths_snipers, layout_rooms,
          hangedman_abyss_or_decor_clamps
Lair:1:   layout_loops_ring, portal_ice_cave_entry_pillars_1, minivault_23,
          cheibrodos_lair_reptile_den
Lair:2:   layout_loops_ring, nicolae_swamp_entry_splash_gauntlet,
          grunt_megastairs_3, infiniplex_staircase_pool
Lair:3:   layout_regular_city, hellmonk_spider_entry_not_the_bees
Lair:4:   layout_misc_corridors, pond
Lair:5:   due_jungle_book, layout_regular_city, slime_entry_1,
          serial_bayou_pond_e, grunt_megastairs_4, uniq_urug
Swamp:1:  cheibrodos_swamp_tower_of_moss, layout_basic_swamp,
          nicolae_swamp_bean_lake, grunt_witch_cave, uniq_jorgrun
Orc:1:    layout_diamond_mine, serial_shops, nicolae_shop_statue_plus,
          nicolae_square_shop, shop, nicolae_orc_rockfall
Orc:2:    grunt_orc_community_town_hall, layout_caves,
          grunt_orc_community_big_house_1, grunt_orc_community_big_house_2,
          grunt_orc_community_house_3, grunt_orc_community_house_1,
          grunt_orc_community_house_2, grunt_orc_community_house_2,
          grunt_orc_community_house_1, grunt_orc_community_house_1

Skill      XL: |  1  2  3  4  5  6  7  8  9 10 11 12 13 14 15 16 |
---------------+-------------------------------------------------+-----
Invocations    | 1 2 3 4 5 6 7 8 10 11 12 | 12.4
Short Blades   | 1 2 3 4 5 6 7 8 9 10 11 | 11.4
Long Blades    | 1 2 3 4 5 6 7 8 9 10 11 | 11.4
Axes           | 1 2 3 4 5 6 7 8 9 10 11 | 11.4
Maces & Flails | 1 2 3 4 5 6 7 8 9 10 11 | 11.4
Staves         | 1 2 3 4 5 6 7 8 9 10 11 | 11.4
Ranged Weapons | 1 2 3 4 5 6 7 8 9 10 11 12 | 12.4
Throwing       | 1 2 3 4 5 6 7 8 9 10 11 | 11.4
Stealth        | 1 2 3 4 5 6 7 8 9 10 11 | 11.4
Shields        | 1 2 3 4 5 6 7 8 9 10 11 | 11.4
Unarmed Combat | 1 2 3 4 5 6 7 8 9 10 11 | 11.4
Spellcasting   | 1 2 3 4 5 6 7 8 9 10 11 | 11.4
Evocations     | 1 2 3 4 5 6 7 8 9 10 11 | 11.4
Conjurations   | 1 2 3 4 5 6 7 8 9 |  9.6
Hexes          | 1 2 3 4 5 6 7 8 9 |  9.6
Summonings     | 1 2 3 4 5 6 7 8 9 |  9.6
Necromancy     | 1 2 3 4 5 6 7 8 9 |  9.6
Translocations | 1 2 3 4 5 6 7 8 9 |  9.6
Transmutations | 1 2 3 4 5 6 7 8 9 |  9.6
Fire Magic     | 1 2 3 4 5 6 7 8 9 |  9.6
Ice Magic      | 1 2 3 4 5 6 7 8 9 |  9.6
Air Magic      | 1 2 3 4 5 6 7 8 9 |  9.6
Earth Magic    | 1 2 3 4 5 6 7 8 9 |  9.6
Poison Magic   | 1 2 3 4 5 6 7 8 9 |  9.6
Dodging        | 3 4 5 6 7 8 9 10 11 | 11.7
Armour         | 5 6 7 8 9 10 11 12 | 12.2
Fighting       | 7 8 9 10 11 12 13 | 13.0
Polearms       | 7 8 9 10 11 12 13 | 13.0

Action                   |  1- 3 |  4- 6 |  7- 9 | 10-12 | 13-15 | 16-18 || total
-------------------------+-------+-------+-------+-------+-------+-------++-------
Melee: Spear             |    78 |   235 |       |       |       |       ||   313
       Bite              |     4 |    22 |    27 |    81 |   285 |    68 ||   487
       Punch             |       |     9 |     2 |       |       |       ||    11
       Flail             |       |    26 |    49 |       |       |       ||    75
       Trident           |       |       |   186 |   137 |       |       ||   323
       Dagger            |       |       |     1 |     1 |       |       ||     2
       Short sword       |       |       |       |   446 |  1214 |    51 ||  1711
       Staff             |       |       |       |     9 |       |       ||     9
       Broad axe         |       |       |       |       |   307 |   320 ||   627
Throw: Stone             |    11 |    29 |    17 |    32 |    83 |    47 ||   219
       Dart              |    14 |    18 |     4 |    37 |   144 |    30 ||   247
       Throwing net      |       |     1 |       |     4 |       |       ||     5
       Boomerang         |       |       |       |   103 |   135 |       ||   238
       Javelin           |       |       |       |     4 |    21 |       ||    25
Evoke: Piece from Xom's  |     2 |     2 |       |     2 |       |       ||     6
       Wand              |       |       |    14 |    29 |    24 |     1 ||    68
       Box of beasts     |       |       |       |     2 |     3 |     1 ||     6
       Tin of tremorston |       |       |       |       |     2 |     3 ||     5
  Use: Scroll            |       |     7 |     6 |    16 |    13 |       ||    42
       Potion            |       |     1 |     1 |     2 |     1 |     2 ||     7
 Stab: Sleeping          |       |     2 |     2 |     1 |       |       ||     5
       Invisible         |       |     2 |     2 |       |     9 |     4 ||    17
       Distracted        |       |       |       |     2 |       |     1 ||     3
       Petrified         |       |       |       |     1 |     3 |       ||     4
       Confused          |       |       |       |       |    10 |     1 ||    11
       Paralysed         |       |       |       |       |       |     1 ||     1
Armor: Leather armour    |    26 |    19 |       |       |       |       ||    45
       Chain mail        |       |    49 |    56 |       |       |       ||   105
       Ring mail         |       |       |    10 |    47 |       |       ||    57
       Swamp dragon scal |       |       |       |   139 |       |       ||   139
       Crystal plate arm |       |       |       |       |   883 |   283 ||  1166
Dodge: Dodged            |    30 |    66 |    53 |   243 |   465 |   131 ||   988
Block: Kite shield       |       |       |    55 |   209 |   826 |   277 ||  1367
       Buckler           |       |       |       |    42 |       |       ||    42

Table legend: (Time is in decaauts)
 A = Elapsed time spent in this place.
 B = Non-inter-level travel time spent in this place.
 C = Inter-level travel time spent in this place.
 D = Time resting spent in this place.
 E = Time spent auto-exploring this place.
 F = Levels seen in this place.
 G = Mean time per level.
                   A        B        C        D        E       F      G
               +--------+--------+--------+--------+--------+-----+--------+
         Total |  26301 |  24542 |   1759 |   1766 |  15972 |  25 | 1052.0 |
       Dungeon |  16241 |  15320 |    921 |    986 |  10902 |  15 | 1082.7 |
          Lair |   6148 |   5629 |    519 |    377 |   3343 |   5 | 1229.6 |
         Swamp |    123 |    123 |      0 |      0 |     67 |   1 |  123.0 |
  Orcish Mines |   2012 |   1694 |    318 |    167 |    943 |   2 | 1006.0 |
        Bailey |    445 |    445 |      0 |     82 |    192 |   1 |  445.0 |
      Ice Cave |   1330 |   1330 |      0 |    152 |    523 |   1 | 1330.0 |
               +--------+--------+--------+--------+--------+-----+--------+

Top non-repeatable levels by time:
     D:5: 1922 daAuts
  Lair:5: 1677 daAuts
     D:9: 1579 daAuts
    D:11: 1481 daAuts
   Orc:2: 1339 daAuts
   IceCv: 1330 daAuts
  Lair:3: 1298 daAuts
     D:7: 1268 daAuts
  Lair:2: 1261 daAuts
    D:10: 1204 daAuts
    D:13: 1140 daAuts
     D:4: 1059 daAuts
     D:6: 1018 daAuts
  Lair:1: 1017 daAuts
     D:1: 1007 daAuts
